 Dungeon Crawl Stone Soup version 0.29-a0-22-gbf593b16ee (webtiles) character file.

Game seed: 1051151196073644335

98 bande the Covered (level 4, -2/29 HPs)
             Began as a Gargoyle Fighter on Jan 30, 2022.
             Killed by nerve-wracking pain
             ... invoked by Grinder
              (4 damage)
             ... on level 3 of the Dungeon.
             The game lasted 00:04:13 (2028 turns).

bande the Covered (Gargoyle Fighter)                Turns: 2028, Time: 00:04:14

Health: -2/29      AC: 14    Str: 19    XL:     4   Next: 69%
Magic:  4/4        EV:  9    Int:  9    God:
Gold:   1362       SH:  5    Dex: 11    Spells: 3/3 levels left

rFire   . . .      SeeInvis .   a - +0 war axe
rCold   . . .      Faith    .   c - +1 buckler
rNeg    + . .      Spirit   .   b - +0 scale mail
rPois   ∞          Reflect  .   (no helmet)
rElec   +          Harm     .   (no cloak)
rCorr   .          Rampage  .   (no gloves)
Will    .....                   (no boots)
Stlth   ..........              (no amulet)
HPRegen 0.09/turn               g - +4 ring of protection
MPRegen 0.09/turn               (no ring)

@: mighty
A: sickness immunity, AC +3, negative energy resistance 1, electricity
resistance, torment resistance 1, petrification resistance
a: no special abilities


You were on level 3 of the Dungeon.
You visited 1 branch of the dungeon, and saw 3 of its levels.

You collected 1362 gold pieces.

Inventory:

Hand Weapons
 a - a +0 war axe (weapon)
Armour
 b - a +0 scale mail (worn)
 c - a +1 buckler (worn)
Jewellery
 g - a +4 ring of protection (left hand)
Potions
 e - a potion of heal wounds {unknown}
 f - a potion of cancellation {unknown}
 h - a potion of curing {unknown}
 i - a potion of attraction {unknown}
 l - a potion of berserk rage {unknown}


   Skills:
 + Level 3.8 Fighting
 + Level 3.3 Axes
 + Level 3.8 Armour
 + Level 3.7 Shields


You had 3 spell levels left.
You didn't know any spells.
Your spell library contained the following spells:

 Spells                   Type           Power      Damage    Failure   Level
 Static Discharge         Conj/Air       0%         N/A       93%         2
 Dispel Undead            Necr           0%         3d6       100%        4
 Sticky Flame             Conj/Fire      0%         2d3       100%        4


Dungeon Overview and Level Annotations

Branches:
Dungeon (3/15)

Altars:

Annotations:
D:3 Grinder


Innate Abilities, Weirdness & Mutations

You are immune to sickness and miasma.
Your stone body is resilient. (AC +3)
You are immune to poison.
You resist negative energy. (rN+)
You are resistant to electric shocks. (rElec)
You are resistant to unholy torment.
You are immune to petrification.


Message History

Grinder gestures at you.
You suddenly lose the ability to move!
The orc completely misses you. Grinder gestures at you.
You resist with significant effort. The orc barely misses you.
Grinder hits you but does no damage. The orc hits you with a +0 morningstar!
Grinder hits you.
You writhe in agony.
The hobgoblin hits you but does no damage.
The orc hits you with a +0 morningstar.
* * * LOW HITPOINT WARNING * * *
Grinder says, "Don't move a muscle."
Grinder gestures at you.
You shrug off the repeated paralysis!
The hobgoblin hits you but does no damage.
You can move again.
You hit the orc but do no damage. You closely miss the hobgoblin.
You hit Grinder. You block the orc's attack.
Grinder hits you but does no damage. You block the hobgoblin's attack.
The orc closely misses you.
Unknown command.
You barely miss Grinder.
Grinder is moderately wounded.
You closely miss the orc. You barely miss the hobgoblin.
Grinder hits you but does no damage. The hobgoblin hits you.
* * * LOW HITPOINT WARNING * * *
You block the orc's attack.
You feel very mighty all of a sudden. Grinder closely misses you.
The hobgoblin hits you but does no damage.
The orc barely misses you.
You hit Grinder.
Grinder is heavily wounded.
You barely miss the orc. You closely miss the hobgoblin.
Grinder barely misses you. The hobgoblin hits you.
* * * LOW HITPOINT WARNING * * *
The orc hits you with a +0 morningstar.
* * * LOW HITPOINT WARNING * * *
Grinder gestures at you. Pain shoots through your body!
You die...

## . .## # ..#
##.# ####
#.#....#
#...###.#..#
+......g...#
#...<)o@...#
#..)..5........
#..............
#..............
.....#######....
...... ####
#####.. #..


You could see Grinder, an orc and a hobgoblin.

Vanquished Creatures
  4 adders (D:2)
  A dart slug (D:2)
  4 orcs
  2 bats (D:1)
  5 endoplasms
  3 giant cockroaches
  6 goblins
  3 hobgoblins
  A quokka (D:2)
  10 ball pythons
  A frilled lizard (D:1)
  6 kobolds (D:1)
  5 rats
51 creatures vanquished.

Notes
Turn   | Place    | Note
-------+----------+-------------------------------------------
     0 | D:1      | bande the Gargoyle Fighter began the quest for the Orb.
     0 | D:1      | Reached XP level 1. HP: 14/14 MP: 1/1
   119 | D:1      | Reached XP level 2. HP: 4/19 MP: 2/2
   599 | D:1      | Found a faded altar of an unknown god.
   961 | D:1      | Reached XP level 3. HP: 23/23 MP: 3/3
  1382 | D:2      | Identified a scroll of acquirement
  1382 | D:2      | Acquired 1222 gold pieces
  1411 | D:2      | Reached XP level 4. HP: 29/29 MP: 4/4
  2017 | D:3      | Noticed Grinder
  2020 | D:3      | Paralysed by Grinder for 5 turns
  2028 | D:3      | Killed from afar by Grinder

Illustrated notes

Levels and vault maps discovered:
D:1:      dpeg_arrival_arbitrary_b, layout_basic,
          nicolae_ecumenical_snake_handling, serial_bayou_pond_e,
          minmay_indecisive_spiral
D:2:      layout_basic, minivault_19, minmay_tetromino_o4
D:3:      layout_rooms, portal_sewer_entry_b, minmay_tree_intersection,
          minmay_fountain_box, uniq_grinder, uniq_crazy_yiuf_cottage,
          uniq_natasha

Skill      XL: |  1  2  3  4 |
---------------+-------------+-----
Axes           | 2 3 |  3.3
Fighting       | |  3.8
Armour         | |  3.8
Shields        | |  3.7

Action                   |  1- 3 |  4- 6 || total
-------------------------+-------+-------++-------
Melee: War axe           |    85 |    46 ||   131
  Use: Scroll            |     4 |     1 ||     5
       Potion            |       |     1 ||     1
Armor: Scale mail        |    48 |    30 ||    78
Dodge: Dodged            |    41 |    26 ||    67
Block: Buckler           |    21 |    20 ||    41

Table legend: (Time is in decaauts)
 A = Elapsed time spent in this place.
 B = Non-inter-level travel time spent in this place.
 C = Inter-level travel time spent in this place.
 D = Time resting spent in this place.
 E = Time spent auto-exploring this place.
 F = Levels seen in this place.
 G = Mean time per level.
                   A        B        C        D        E       F      G
               +--------+--------+--------+--------+--------+-----+--------+
         Total |   2082 |   2043 |     39 |    353 |   1322 |   3 |  694.0 |
       Dungeon |   2082 |   2043 |     39 |    353 |   1322 |   3 |  694.0 |
               +--------+--------+--------+--------+--------+-----+--------+

Top non-repeatable levels by time:
     D:1: 1356 daAuts
     D:2: 706 daAuts
     D:3: 19 daAuts
